 Dungeon Crawl Stone Soup version 0.19.1 (webtiles) character file.

5819 JeffiDaFish the Basher (level 10, -4/63 HPs)
             Began as a Gargoyle Fighter on Dec 11, 2016.
             Was a Follower of Makhleb.
             Killed from afar by Tymir's ghost (18 damage)
             ... with a stone arrow
             ... on level 10 of the Dungeon.
             The game lasted 00:20:43 (8267 turns).

JeffiDaFish the Basher (Gargoyle Fighter)           Turns: 8267, Time: 00:20:43

Health: -4/63      AC: 25    Str: 21    XL:     10   Next: 80%
Magic:  11/11      EV:  8    Int: 13    God:    Makhleb [*.....]
Gold:   354        SH: 13    Dex: 11    Spells: 1 memorised, 8 levels left

rFire  + . .     SeeInvis .     a - +2 flail
rCold  . . .     Gourm    .     q - +0 plate armour
rNeg   + . .     Faith    .     c - +2 shield
rPois  ∞         Spirit   .     (helmet restricted)
rElec  +         Reflect  .     e - +2 cloak
rCorr  .         Harm     .     w - +0 pair of gloves
MR     +....                    v - +0 pair of boots
Stlth  ..........               u - amulet "Xaerri Kaso" {+Rage rF+ Int+4}
                                s - ring of protection from magic
                                b - +3 ring of evasion

@: about to teleport, drained
A: horns 1, negative energy resistance 1, electricity resistance, unbreathing,
petrification resistance, rot immunity, AC +7
a: Renounce Religion, Evoke Berserk Rage


You were on level 10 of the Dungeon.
You worshipped Makhleb.
Makhleb was aware of your devotion.
You were not hungry.

You visited 2 branches of the dungeon, and saw 11 of its levels.

You collected 480 gold pieces.
You spent 126 gold pieces at shops.

Inventory:

Hand Weapons
 a - a +2 flail (weapon)
Armour
 c - a +2 shield (worn)
 e - a +2 cloak (worn)
 l - a +0 helmet
 q - a +0 plate armour (worn)
 v - a +0 pair of boots (worn)
 w - a +0 pair of gloves (worn)
Jewellery
 b - a +3 ring of evasion (left hand)
 s - a ring of protection from magic (right hand)
 u - the amulet "Xaerri Kaso" (around neck) {+Rage rF+ Int+4}
   (You found it on level 5 of the Dungeon)

   [amulet of rage]

   It affects your intelligence (+4).
   It protects you from fire.
   It lets you go berserk.
Wands
 h - a wand of teleportation (2/9)
Scrolls
 d - 6 scrolls of remove curse
 p - a scroll of fear
 r - 2 scrolls of teleportation
 t - 6 scrolls of identify
 y - a scroll of enchant armour
Potions
 i - 2 potions of cancellation
 j - a potion of magic
 x - a potion of flight
Books
 B - a book of Geomancy

   Spells                             Type                      Level
   a - Sandblast                      Earth                        1
   b - Passwall                       Transmutation/Earth          2
   c - Stone Arrow                    Conjuration/Earth            3
   d - Petrify                        Transmutation/Earth          4
   e - Lee's Rapid Deconstruction     Earth                        5
Comestibles
 f - 6 bread rations
 g - 3 slices of pizza
 m - 6 meat rations
 o - 9 beef jerkies
 z - 3 royal jellies


   Skills:
 * Level 7.6(6.3) Fighting
 * Level 10.2(8.9) Maces & Flails
 * Level 7.1(5.8) Armour
 - Level 2.0(0.9) Dodging
 - Level 1.0(0.0) Stealth
 * Level 9.2(7.9) Shields
 + Level 1.1(0.1) Spellcasting
 + Level 1.9(0.8) Conjurations
 + Level 1.4(0.4) Earth Magic
 - Level 0.5(0.0) Evocations


You had 8 spell levels left.
You knew the following spells:

 Your Spells              Type           Power        Failure   Level  Hunger
a - Stone Arrow           Conj/Erth      #.....       100%        3    ####...


Dungeon Overview and Level Annotations

Branches:
Dungeon (10/15)            Temple (1/1) D:7
   Lair: D:8-11         Orc: D:9-12

Altars:
Cheibriados
Elyvilon
Gozag
Makhleb
Nemelex Xobeh
Okawaru
Qazlal
Ru
Sif Muna
Trog
Uskayaw
Xom
Yredelemnul
The Shining One

Shops:
D:7 [

Annotations:
D:10 Tymir's ghost, novice DrEE


Innate Abilities, Weirdness & Mutations

You are resistant to torment.
Your stone body is resilient. (AC +7)
You are immune to poison.
You resist negative energy. (rN+)
You are resistant to electric shocks. (rElec)
You can survive without breathing.
You are immune to petrification.
You are immune to rotting.
You have a pair of small horns on your head.


Message History

You hit Tymir's ghost but do no damage.
Tymir's ghost is heavily damaged.
Tymir's ghost breathes negative energy at you.
The bolt of negative energy hits you! You partially resist.
You feel drained.
* * * LOW HITPOINT WARNING * * *
You are too injured to fight recklessly!
You are too injured to fight recklessly!
Your plate armour prevents you from hitting Tymir's ghost.
Tymir's ghost is heavily damaged.
Tymir's ghost casts a spell at you. The rocky blast hits you!
Zapping:
h - a wand of teleportation (will waste charges)
Press: ? - help, Shift-Dir - straight line, f - you You feel strangely unstable.
Evoking this partially-identified wand wasted a few charges.
Tymir's ghost casts a spell at you. You block the stone arrow.
Tymir's ghost gestures at you while chanting.
The stone arrow hits you!
You die...

.........# .........#
.........# $........#
(.. .$.......# .....
.........# #.....
#........#### #......
##.....#.W..##.......
#####.####@......#..
#.####..........
#.............#.
#.##..##........
...#.###........
####...#..........
#.<...##........#.
#.###.##..........
#.# #....#.#####..


You could see Tymir's ghost.

Vanquished Creatures
  Pikel (D:6)
  Joseph (D:8)
  Grinder (D:6)
  Sigmund (D:6)
  A steam dragon (D:9)
  The ghost of Tymir the Gusty, an amateur DrAE (D:4)
  3 ice beasts
  5 sky beasts
  2 orc warriors
  2 black bears
  5 ogres
  3 phantoms
  2 centaurs
  A gnoll sergeant (D:9)
  3 bullfrogs
  2 scorpions
  4 killer bees (D:7)
  5 wights (D:6)
  6 howler monkeys
  3 crimson imps
  3 quasits
  3 hounds
  A centaur skeleton (D:4)
  10 orc priests
  9 orc wizards
  6 iguanas
  Ijyb (D:3)
  4 worker ants
  A hound zombie (D:6)
  A hound skeleton (D:3)
  A worker ant zombie (D:6)
  8 gnolls
  A howler monkey skeleton (D:4)
  10 adders
  5 shadow imps
  An ooze (D:1)
  2 adder zombies
  2 adder skeletons
  5 worms
  5 dart slugs
  4 leopard geckos
  38 orcs
  7 bats
  5 giant cockroaches
  8 goblins
  5 hobgoblins
  13 jackals
  3 quokkas
  4 ball pythons
  2 frilled lizards (D:3)
  5 kobolds
  6 rats
231 creatures vanquished.

Vanquished Creatures (others)
  An orc wizard (D:9)
1 creature vanquished.

Grand Total: 232 creatures vanquished

Notes
Turn   | Place    | Note
-------+----------+-------------------------------------------
     0 | D:1      | JeffiDaFish the Gargoyle Fighter began the quest for the Orb.
     0 | D:1      | Reached XP level 1. HP: 14/14 MP: 1/1
   148 | D:1      | Reached XP level 2. HP: 17/19 MP: 2/2
   275 | D:1      | Reached XP level 3. HP: 23/23 MP: 3/3
  1040 | D:2      | Gained mutation: You are dopey. (Int -2) [potion of mutation]
  1040 | D:2      | Gained mutation: Your spells are a little harder to cast, but a little more powerful. [potion of mutation]
  1040 | D:2      | Gained mutation: You have a pair of small horns on your head. [potion of mutation]
  1477 | D:2      | Reached XP level 4. HP: 25/29 MP: 4/4
  1849 | D:2      | Found a hide-covered altar of Uskayaw.
  1851 | D:2      | Found a basalt altar of Yredelemnul.
  1851 | D:2      | Found a snail-covered altar of Cheibriados.
  1995 | D:3      | Lost mutation: You are dopey. (Int -2) [potion of cure mutation]
  1995 | D:3      | Lost mutation: You have a pair of small horns on your head. [potion of cure mutation]
  1995 | D:3      | Lost mutation: Your spells are a little harder to cast, but a little more powerful. [potion of cure mutation]
  2195 | D:3      | Reached skill level 3 in Maces & Flails
  2224 | D:3      | Noticed Ijyb
  2239 | D:3      | Killed Ijyb
  2239 | D:3      | Reached XP level 5. HP: 33/33 MP: 5/5
  2674 | D:3      | Reached skill level 1 in Dodging
  2755 | D:4      | Reached XP level 6. HP: 34/38 MP: 6/6
  2920 | D:4      | Reached skill level 4 in Maces & Flails
  2926 | D:4      | Noticed Tymir's ghost (amateur DrAE)
  2934 | D:4      | Killed Tymir's ghost
  2934 | D:4      | Reached skill level 5 in Shields
  2959 | D:4      | Reached XP level 7. HP: 40/44 MP: 7/7
  3047 | D:4      | Reached skill level 5 in Maces & Flails
  3452 | D:5      | Entered Level 5 of the Dungeon
  3640 | D:5      | Gained mutation: You have a pair of small horns on your head. [potion of beneficial mutation]
  3724 | D:5      | Reached skill level 6 in Maces & Flails
  3724 | D:5      | Reached XP level 8. HP: 37/48 MP: 8/8
  3814 | D:5      | Reached skill level 5 in Fighting
  4066 | D:5      | Got a scorched amethyst amulet
  4067 | D:5      | Identified the amulet "Xaerri Kaso" {+Rage rF+ Int+4} (You found it on level 5 of the Dungeon)
  4238 | D:6      | Noticed Sigmund
  4263 | D:6      | Killed Sigmund
  4728 | D:6      | Reached skill level 5 in Armour
  4788 | D:6      | Found a shimmering altar of Xom.
  4918 | D:6      | Reached skill level 7 in Maces & Flails
  5156 | D:6      | Noticed Pikel
  5181 | D:6      | Killed Pikel
  5181 | D:6      | Reached XP level 9. HP: 55/55 MP: 9/9
  5201 | D:6      | Noticed Grinder
  5216 | D:6      | Killed Grinder
  5347 | D:6      | Reached skill level 8 in Maces & Flails
  5532 | D:7      | Found Fylel's Armour Shop.
  5535 | D:7      | Bought a +0 pair of boots for 63 gold pieces
  5540 | D:7      | Bought a +0 pair of gloves for 63 gold pieces
  5660 | D:7      | Found a staircase to the Ecumenical Temple.
  5684 | Temple   | Entered the Ecumenical Temple
  5712 | Temple   | Became a worshipper of Makhleb the Destroyer
  5815 | D:7      | Reached skill level 9 in Maces & Flails
  5886 | D:7      | Reached skill level 1 in Stealth
  5933 | D:7      | Reached XP level 10. HP: 55/61 MP: 10/10
  6749 | D:8      | Noticed Joseph
  6764 | D:8      | Killed Joseph
  6810 | D:8      | Learned a level 3 spell: Stone Arrow
  6861 | D:8      | Reached * piety under Makhleb
  7205 | D:8      | Reached skill level 1 in Conjurations
  7414 | D:9      | Reached skill level 1 in Earth Magic
  7450 | D:9      | Reached skill level 10 in Maces & Flails
  7938 | D:9      | Reached skill level 1 in Spellcasting
  8207 | D:10     | Entered Level 10 of the Dungeon
  8229 | D:10     | Noticed Tymir's ghost (novice DrEE)
  8267 | D:10     | Killed from afar by Tymir's ghost

Skill      XL: |  1  2  3  4  5  6  7  8  9 10 |
---------------+-------------------------------+-----
Armour         | 4 5 6 7 |  7.1
Shields        | 4 5 7 8 9 |  9.2
Maces & Flails | 3 4 6 7 9 10 | 10.2
Fighting       | 4 5 6 7 |  7.6
Dodging        | 1 2 |  2.0
Stealth        | 1 |  1.0
Conjurations   | 1 |  1.9
Earth Magic    | 1 |  1.4
Spellcasting   | 1 |  1.1
Evocations     | |  0.5

Action                   |  1- 3 |  4- 6 |  7- 9 | 10-12 || total
-------------------------+-------+-------+-------+-------++-------
Melee: Flail             |    94 |   191 |   434 |   325 ||  1044
       Headbutt          |     4 |     1 |    50 |    65 ||   120
 Abil: Evoke Berserk Rag |       |       |     1 |       ||     1
Evoke: Wand              |       |       |       |     1 ||     1
  Use: Potion            |     7 |     5 |     2 |     4 ||    18
       Scroll            |     6 |     9 |     2 |       ||    17
  Eat: Chunk             |     2 |     5 |    10 |     8 ||    25
       Beef jerky        |       |       |     1 |       ||     1
Armor: Scale mail        |    27 |       |       |       ||    27
       Chain mail        |    10 |   101 |    96 |       ||   207
       Skin              |     1 |       |       |       ||     1
       Plate armour      |       |       |   173 |   112 ||   285
Dodge: Dodged            |    32 |    72 |   176 |    76 ||   356
Block: Shield            |    66 |   136 |   311 |   184 ||   697
